 Dungeon Crawl Stone Soup version 0.27-a0-1196-g3e9cee4cb2 (webtiles) character file.

Game seed: 11337672906073526341

88 Analysis the Poker (level 4, -7/35 HPs)
             Began as a Merfolk Gladiator on May 29, 2021.
             Killed from afar by an orc wizard (13 damage)
             ... with a puff of flame
             ... on level 3 of the Dungeon.
             The game lasted 00:08:55 (2710 turns).

Analysis the Poker (Merfolk Gladiator)              Turns: 2710, Time: 00:08:55

Health: -7/35      AC:  5    Str: 14    XL:     4   Next: 54%
Magic:  4/4        EV: 13    Int:  7    God:
Gold:   103        SH:  0    Dex: 16    Spells: 3/3 levels left

rFire    . . .     SeeInvis .   a - +0 trident
rCold    + . .     Faith    .   (no shield)
rNeg     . . .     Spirit   .   b - +0 leather armour
rPois    .         Reflect  .   c - +0 helmet
rElec    .         Harm     .   (no cloak)
rCorr    .         Rampage  .   (no gloves)
Will     .....                  g - +0 pair of boots
Stlth    +.........             (no amulet)
HPRegen  0.11/turn              h - ring of protection from cold
MPRegen  0.09/turn              (no ring)

@: no status effects
A: (nimble swimmer 2), mertail
a: no special abilities


You were on level 3 of the Dungeon.
You visited 1 branch of the dungeon, and saw 3 of its levels.

You collected 103 gold pieces.

Inventory:

Hand Weapons
 a - a +0 trident (weapon)
Missiles
 d - 3 throwing nets (quivered)
Armour
 b - a +0 leather armour (worn)
 c - a +0 helmet (worn)
 g - a +0 pair of boots (worn)
Jewellery
 h - a ring of protection from cold (left hand)
Scrolls
 e - a scroll of acquirement {unknown}
 f - a scroll of identify {unknown}
 j - a scroll of vulnerability {unknown}
Potions
 i - a potion of haste {unknown}
 k - a potion of brilliance {unknown}


   Skills:
 + Level 3.1 Fighting
 * Level 6.2 Polearms
 - Level 2.0 Throwing
 + Level 4.8 Dodging


You had 3 spell levels left.
You didn't know any spells.
Your spell library contained the following spells:

 Spells                   Type           Power      Damage    Failure   Level
 Beastly Appendage        Tmut           0%         N/A       52%         1
 Wereblood                Tmut           0%         N/A       65%         2
 Spider Form              Tmut/Pois      0%         N/A       87%         3
 Ice Form                 Ice/Tmut       0%         N/A       99%         4
 Hydra Form               Tmut           0%         N/A       100%        5


Dungeon Overview and Level Annotations

Branches:
Dungeon (3/15)

Altars:
Kikubaaqudgha


Innate Abilities, Weirdness & Mutations

((You are quick and stealthy near water. (Stealth+, EV+, Speed+++)))
Your lower body shifts to a powerful aquatic tail in water.


Message History

An endoplasm comes into view.
Things that are here:
a +0 dagger; 19 stones You reach to attack!
You hit the endoplasm.
The endoplasm is moderately wounded.
You barely miss the endoplasm.
The endoplasm is moderately wounded.
You puncture the endoplasm!
You kill the endoplasm!
A quokka comes into view.
You reach to attack!
The helpless quokka fails to defend itself.
You puncture the quokka!
You kill the quokka!
An orc comes into view. It is wielding a +0 dagger.
The orc shouts!
An orc wizard comes into view. It is wielding a +0 dagger.
An orc comes into view. It is wielding a +0 flail.
The orc shouts!
The orc wizard shouts!
You hear a shout!
An orc priest comes into view. It is wielding a +0 club.
You reach to attack!
You hit the orc.
The orc is lightly wounded.
You puncture the orc!
You kill the orc!
A bat comes into view.
The orc wizard casts a spell at you. The magic dart hits you.
The bat moves out of view.
You reach to attack!
You puncture the orc wizard!
The orc wizard is heavily wounded.
You hit the orc wizard.
The orc wizard is heavily wounded.
The orc priest invokes the aid of Beogh against you.
Beogh smites you!
The orc priest calls down the wrath of Beogh upon you.
Beogh smites you!
* * * LOW HITPOINT WARNING * * *
The orc wizard gestures at you while chanting.
The puff of flame hits you!
You die...

#........##########.########.#.#+
#...####................##...#...
≈≈≈≈≈≈≈#############.##.##.###...
#...####.............##.##.......
#..#..##########)######.#######..
#................................
################.################
#.# #.......... #@# ##########.
#.# #. #o# ## #o# #.# #### #o#
#... #######.# #.## #....†..# #.#
#.##...## #.#


You could see an orc priest, an orc wizard and an orc.

Vanquished Creatures
  2 adders (D:2)
  A worm (D:2)
  2 dart slugs (D:2)
  An orc (D:3)
  5 bats
  6 endoplasms
  A giant cockroach (D:1)
  6 hobgoblins
  4 jackals (D:2)
  4 quokkas
  6 ball pythons
  2 frilled lizards
  10 goblins
  4 kobolds
  2 rats (D:1)
56 creatures vanquished.

Vanquished Creatures (others)
  2 plants (D:2)
2 creatures vanquished.

Grand Total: 58 creatures vanquished

Notes
Turn   | Place    | Note
-------+----------+-------------------------------------------
     0 | D:1      | Analysis the Merfolk Gladiator began the quest for the Orb.
     0 | D:1      | Reached XP level 1. HP: 16/16 MP: 1/1
   240 | D:1      | Reached XP level 2. HP: 23/23 MP: 2/2
   375 | D:1      | Reached skill level 5 in Polearms
   919 | D:1      | Reached XP level 3. HP: 28/28 MP: 3/3
  1287 | D:2      | Found a faded altar of an unknown god.
  1469 | D:2      | Found an ancient bone altar of Kikubaaqudgha.
  1894 | D:2      | Reached XP level 4. HP: 34/34 MP: 4/4
  2121 | D:2      | Reached skill level 6 in Polearms
  2710 | D:3      | Killed from afar by an orc wizard

Illustrated notes

Levels and vault maps discovered:
D:1:      dpeg_arrival_lava_temple_mockup, layout_basic
D:2:      layout_loops_ring, shapermc_ecumenical_altar_totnotflames,
          basic_altar, minmay_shallow_snake_nest
D:3:      layout_basic, chequers_decorated_corner,
          chequers_serial_rivers_micro_a

Skill      XL: |  1  2  3  4 |
---------------+-------------+-----
Polearms       | 5 6 |  6.2
Fighting       | 3 |  3.1
Throwing       | |  2.0
Dodging        | |  4.8

Action                   |  1- 3 |  4- 6 || total
-------------------------+-------+-------++-------
Melee: Trident           |   146 |    38 ||   184
 Stab: Sleeping          |     3 |     2 ||     5
Armor: Leather armour    |    26 |     5 ||    31
Dodge: Dodged            |    69 |    11 ||    80

Table legend: (Time is in decaauts)
 A = Elapsed time spent in this place.
 B = Non-inter-level travel time spent in this place.
 C = Inter-level travel time spent in this place.
 D = Time resting spent in this place.
 E = Time spent auto-exploring this place.
 F = Levels seen in this place.
 G = Mean time per level.
                   A        B        C        D        E       F      G
               +--------+--------+--------+--------+--------+-----+--------+
         Total |   2714 |   2677 |     37 |    347 |   1899 |   3 |  904.7 |
       Dungeon |   2714 |   2677 |     37 |    347 |   1899 |   3 |  904.7 |
               +--------+--------+--------+--------+--------+-----+--------+

Top non-repeatable levels by time:
     D:1: 1252 daAuts
     D:2: 965 daAuts
     D:3: 496 daAuts
